 Dungeon Crawl Stone Soup version 0.26.0-11-g8f856b5395 (webtiles) character file.

Game seed: 4543004334025313184

702 Acheron the Ruffian (level 7, -4/63 HPs)
             Began as a Troll Summoner on Jan 15, 2021.
             Slain by an ogre
             ... wielding a +0 giant spiked club
              (21 damage)
             ... on level 7 of the Dungeon.
             The game lasted 00:12:55 (3108 turns).

Acheron the Ruffian (Troll Summoner)                Turns: 3108, Time: 00:12:55

Health: -4/63      AC:  7    Str: 17    XL:     7   Next: 38%
Magic:  8/8        EV: 11    Int: 11    God:
Gold:   314        SH:  0    Dex: 12    Spells: 8/9 levels left

rFire    . . .     SeeInvis .     - Unarmed
rCold    . . .     Faith    .   (no shield)
rNeg     . . .     Spirit   .   a - +1 robe
rPois    +         Reflect  .   (helmet restricted)
rElec    .         Harm     .   (no cloak)
rCorr    .         Rampage  .   (gloves unavailable)
Will     .....                  (boots unavailable)
Stlth    ++........             (no amulet)
HPRegen  0.60/turn              d - ring of poison resistance
MPRegen  0.11/turn              (no ring)

@: mighty
A: large, unfitting armour, claws 3, regeneration 1, shaggy fur 1, tough skin 3
a: no special abilities


You were on level 7 of the Dungeon.
You visited 1 branch of the dungeon, and saw 7 of its levels.

You collected 314 gold pieces.

Inventory:

Hand Weapons
 j - a +1 mace of protection
 p - a +3 short sword of draining
Missiles
 b - 158 stones (quivered)
 r - 3 boomerangs
Armour
 a - a +1 robe (worn)
Jewellery
 d - a ring of poison resistance (left claw)
Scrolls
 c - 3 scrolls of remove curse
 e - 4 scrolls of fear
 g - a scroll of enchant armour
 k - 4 scrolls of teleportation
 s - a scroll of magic mapping
Potions
 f - 3 potions of cancellation
 h - a potion of haste {unknown}
 i - a potion of might
 l - a potion of brilliance {unknown}
 m - 2 potions of flight {unknown}
 q - a potion of heal wounds


   Skills:
 * Level 1.8 Fighting
 * Level 1.1 Throwing
 * Level 3.0 Dodging
 * Level 1.7 Stealth
 * Level 5.3 Unarmed Combat
 * Level 1.9 Spellcasting
 + Level 3.3 Summonings


You had 8 spell levels left.
You knew the following spells:

 Your Spells              Type           Power        Failure   Level
a - Summon Small Mammal   Summ           32%          8%          1

Your spell library contained the following spells:

 Spells                   Type           Power        Failure   Level
 Call Imp                 Summ           8%           12%         2
 Call Canine Familiar     Summ           8%           22%         3
 Summon Guardian Golem    Hex/Summ       4%           41%         3
 Summon Ice Beast         Ice/Summ       4%           83%         4
 Summon Lightning Spire   Summ/Air       4%           83%         4


Dungeon Overview and Level Annotations

Branches:
Dungeon (7/15)
 Temple: D:4-7

Altars:

Annotations:
D:5 Dowan, Eustachio


Innate Abilities, Weirdness & Mutations

You are too large for most types of armour.
You have claws for hands.
Your natural rate of healing is unusually fast.
You are covered in fur. (AC +1)
You have extremely tough skin. (AC +3)


Message History

You claw Maggie!
Maggie is heavily wounded.
You claw Maggie!
Maggie is severely wounded.
The ogre hits you with a +0 giant spiked club!
Maggie hits you but does no damage.
You barely miss Maggie.
Maggie is heavily wounded.
Maggie hits you with a +0 war axe!
The ogre hits you with a +0 giant spiked club.
You mangle Maggie!!
Maggie is almost dead.
Maggie points at you and mumbles some strange words.
The bolt of fire hits you!
* * * LOW HITPOINT WARNING * * *
You mangle Maggie!!
You are no longer entranced.
You kill Maggie!
The ogre hits you with a +0 giant spiked club!!
You die...

### #. ..# #. #.#
######.#####.# .........##.#
##. #. #.##.# ##...#.##.##.#
#.....)#...#.#####
#O@.......[.# #.# ###...#####.#
#.# ##### #.# #.# #.# #.# ##+##
####.#### #.# ##.(.## #.......#
#.## ##.....## #.##.##.# #..##
##.......## ##.##.# #
#...####.........####...#.##.##


You could see an ogre.

Vanquished Creatures
  Maggie (D:7)
  An ice beast (D:7)
  A water moccasin zombie (D:5)
  A scorpion (D:5)
  A bullfrog skeleton (D:5)
  2 orc priests
  5 orc wizards
  2 worker ants (D:7)
  A worker ant zombie (D:5)
  6 adders
  3 gnolls (D:3)
  A white imp (D:7)
  2 oozes (D:1)
  An adder skeleton (D:3)
  An adder zombie (D:5)
  2 dart slugs (D:2)
  5 leopard geckos
  15 orcs
  4 bats
  2 giant cockroaches
  10 goblins
  9 hobgoblins
  6 jackals (D:1)
  7 kobolds
  3 quokkas
  4 frilled lizards
  A leopard gecko skeleton (D:5)
  A quokka zombie (D:5)
  7 rats
105 creatures vanquished.

Notes
Turn   | Place    | Note
-------+----------+-------------------------------------------
     0 | D:1      | Acheron the Troll Summoner began the quest for the Orb.
     0 | D:1      | Reached XP level 1. HP: 16/16 MP: 1/1
   182 | D:1      | Reached XP level 2. HP: 26/26 MP: 2/2
   436 | D:1      | Reached XP level 3. HP: 22/32 MP: 4/4
   547 | D:2      | Reached skill level 1 in Unarmed Combat
   806 | D:2      | Reached XP level 4. HP: 35/40 MP: 5/5
  1154 | D:2      | Reached skill level 2 in Unarmed Combat
  1522 | D:3      | Reached skill level 1 in Fighting
  1522 | D:3      | Reached skill level 3 in Unarmed Combat
  1522 | D:3      | Reached XP level 5. HP: 39/48 MP: 6/6
  2061 | D:3      | Reached XP level 6. HP: 35/55 MP: 7/7
  2077 | D:3      | Reached skill level 4 in Unarmed Combat
  2379 | D:5      | Entered Level 5 of the Dungeon
  2434 | D:5      | Noticed Eustachio
  2584 | D:5      | Noticed Dowan
  2649 | D:5      | Reached XP level 7. HP: 11/62 MP: 8/8
  2653 | D:5      | HP: 2/62 [orc wizard/magic dart (9)]
  2881 | D:7      | Reached skill level 5 in Unarmed Combat
  2923 | D:7      | Reached skill level 1 in Throwing
  3100 | D:7      | Noticed Maggie
  3108 | D:7      | Killed Maggie
  3108 | D:7      | Slain by an ogre

Illustrated notes

Levels and vault maps discovered:
D:1:      sevenhm_arrival_forest_fort_small_1, layout_basic, minmay_nonomino_d4
D:2:      layout_basic, serial_aquarium, aquarium_bridge_long_separate
          [aquarium_subvault_wall, aquarium_subvault_bridge,
          aquarium_subvault_bridge, aquarium_subvault_balcony,
          aquarium_subvault_bridge, aquarium_subvault_balcony],
          aquarium_window_2, aquarium_window_1, aquarium_window_fake,
          aquarium_window_corner, aquarium_view_2c, aquarium_view_2b,
          aquarium_balcony_1b, chequers_serial_rivers_marsh
D:3:      layout_basic, kennysheep_big_empty_room
D:4:      layout_rooms, okawaru_metal_pillars_1_2, amethyst_killhole,
          minmay_quadrilaterals
D:5:      layout_gridville, serial_undead, serial_undead_c, serial_undead_c,
          serial_undead_e, serial_undead_d, serial_undead_d, serial_undead_a,
          serial_undead_e, serial_undead_c, uniq_duvessa, uniq_eustachio
D:6:      layout_gridville, nicolae_overflow_crystal_walls,
          grunt_qazlal_sundering, uniq_edmund
D:7:      layout_loops_corners, lemuel_blue_sif_altar,
          grunt_temple_overflow_diamond, minmay_temple_entry_enclosed_plants,
          uniq_pikel, uniq_maggie

Skill      XL: |  1  2  3  4  5  6  7 |
---------------+----------------------+-----
Summonings     | 3 |  3.3
Unarmed Combat | 1 3 4 5 |  5.3
Dodging        | 2 3 |  3.0
Fighting       | 1 |  1.8
Throwing       | 1 |  1.1
Stealth        | |  1.7
Spellcasting   | |  1.9

Action                   |  1- 3 |  4- 6 |  7- 9 || total
-------------------------+-------+-------+-------++-------
Melee: Unarmed           |    96 |   197 |    47 ||   340
       Punch             |       |     3 |     1 ||     4
Throw: Stone             |     2 |     4 |       ||     6
 Cast: Summon Small Mamm |     2 |       |       ||     2
  Use: Scroll            |       |    15 |     1 ||    16
       Potion            |       |       |     2 ||     2
 Stab: Sleeping          |     1 |     2 |       ||     3
       Distracted        |       |     1 |       ||     1
Armor: Robe              |    32 |    74 |    14 ||   120
Dodge: Dodged            |    43 |   105 |    19 ||   167
